MID
CHARLESTON RIVERDOGS @ BOWLING GREEN HOT RODS
07/08/2048
 
TOP OF THE 1ST
Charleston RiverDogs batting - Pitching for Bowling Green Hot Rods : LHP Melvin Millan
Pitching: LHP Melvin Millan
Batting: LHB Justin O'Neal 0-0: Called Strike
0-1: Swinging Strike
0-2: Foul Ball, location: 2F
0-2: Ball
1-2: Ground out 6-3 (Groundball, 6, EV 87.5 MPH)
Batting: RHB Bill Nguyen-Tan 0-0: Called Strike
0-1: Foul Ball, location: 2F
0-2: Ball
1-2: Foul Ball, location: 2F
1-2: Ground out 5-3 (Groundball, 56, EV 79.4 MPH)
Batting: SHB Corey Penson 0-0: Called Strike
0-1: Foul Ball, location: 2F
0-2: Fly out, F7 (Flyball, 7D, EV 105.6 MPH)
Top of the 1st over - 0 runs, 0 hits, 0 errors, 0 left on base; Charleston 0 - Bowling Green 0
BOTTOM OF THE 1ST
Bowling Green Hot Rods batting - Pitching for Charleston RiverDogs : LHP Colin Scott
Pitching: LHP Colin Scott
Batting: RHB Isaiah Easter 0-0: Ball
1-0: Foul Ball, location: 2F
1-1: Ball
2-1: Foul Ball, location: 2F
2-2: Strikes out looking
Batting: RHB Kunizo Yanagisawa 0-0: Ball
1-0: Called Strike
1-1: Ball
2-1: Foul Ball, location: 2F
2-2: DOUBLE (Line Drive, 7LD, EV 101.9 MPH)
Batting: SHB Wayne Hattan 0-0: Ball
1-0: Fly out, F5 (Popup, 56, EV 68.1 MPH)
Batting: RHB Adam Turpin 0-0: Foul Ball, location: 2F
0-1: Ball
1-1: Ball
2-1: Ball
3-1: Base on Balls
Batting: RHB Jason Penfield 0-0: Foul Ball, location: 2F
0-1: Called Strike
0-2: SINGLE (Groundball, 6MD, EV 102.5 MPH)
Kunizo Yanagisawa to third
Adam Turpin to second
Runner from 3rd tries for Home, SAFE, throw by CF to home
Batting: RHB Alex Zamora 0-0: Ball
1-0: 3-RUN HOME RUN (Flyball, 7LD, EV 98.1 MPH), Distance : 355 ft
Batting: RHB Jim Erdody 0-0: Called Strike
0-1: Swinging Strike
0-2: Ball
1-2: Strikes out swinging
Bottom of the 1st over - 4 runs, 3 hits, 0 errors, 0 left on base; Charleston 0 - Bowling Green 4
TOP OF THE 2ND
Charleston RiverDogs batting - Pitching for Bowling Green Hot Rods : LHP Melvin Millan
Batting: RHB Mike Zern 0-0: Ground out U3 (Groundball, 34, EV 89.4 MPH)
Batting: LHB Steve LeGrand 0-0: Ball
1-0: Ball
2-0: Foul Ball, location: 2F
2-1: Foul Ball, location: 2F
2-2: Fly out, F8 (Flyball, 8RD, EV 95.0 MPH)
Batting: RHB Jonathan Iniguez 0-0: Foul Ball, location: 2F
0-1: Called Strike
0-2: Ball
1-2: Strikes out swinging
Top of the 2nd over - 0 runs, 0 hits, 0 errors, 0 left on base; Charleston 0 - Bowling Green 4
BOTTOM OF THE 2ND
Bowling Green Hot Rods batting - Pitching for Charleston RiverDogs : LHP Colin Scott
Batting: LHB Sean Banks 0-0: Ball
1-0: Called Strike
1-1: Foul Ball, location: 2F
1-2: Foul Ball, location: 2F
1-2: Foul Ball, location: 2F
1-2: Strikes out swinging
Batting: RHB Eric Waugaman 0-0: Foul Ball, location: 2F
0-1: Ground out 6-3 (Groundball, 6S, EV 92.5 MPH)
Batting: RHB Isaiah Easter 0-0: Foul Ball, location: 2F
0-1: Called Strike
0-2: Ball
1-2: SINGLE (Flyball, 34D, EV 89.4 MPH)
Batting: RHB Kunizo Yanagisawa 0-0: Ball
1-0: Called Strike
1-1: Ball
Isaiah Easter steals 2nd base (no throw)
2-1: Ground out 6-3 (Groundball, 6S, EV 81.2 MPH)
Bottom of the 2nd over - 0 runs, 1 hit, 0 errors, 1 left on base; Charleston 0 - Bowling Green 4
TOP OF THE 3RD
Charleston RiverDogs batting - Pitching for Bowling Green Hot Rods : LHP Melvin Millan
Batting: LHB Dale Anderson 0-0: Foul Ball, location: 2F
0-1: Hit by Pitch
Batting: RHB Nate Singleton 0-0: Grounds into double play, 3-6-1 (Groundball, 34, EV 85.6 MPH)
Batting: RHB Louwe Starmans 0-0: Foul Ball, location: 2F
0-1: Called Strike
0-2: Ball
1-2: Foul Ball, location: 2F
1-2: Ball
2-2: Ball
3-2: Strikes out swinging
Top of the 3rd over - 0 runs, 0 hits, 0 errors, 0 left on base; Charleston 0 - Bowling Green 4
BOTTOM OF THE 3RD
Bowling Green Hot Rods batting - Pitching for Charleston RiverDogs : LHP Colin Scott
Batting: SHB Wayne Hattan 0-0: Called Strike
0-1: Ball
1-1: Ball
2-1: Foul Ball, location: 2F
2-2: Foul Ball, location: 2F
2-2: SINGLE (Groundball, 4D, EV 107.5 MPH)
Batting: RHB Adam Turpin 0-0: Ball
1-0: Ball
2-0: Ball
3-0: Base on Balls
Wayne Hattan to second
Batting: RHB Jason Penfield 0-0: Called Strike
0-1: Called Strike
0-2: Grounds into double play, 5-4-3 (Groundball, 56S, EV 83.1 MPH)
Wayne Hattan to third
Batting: RHB Alex Zamora 0-0: Ball
1-0: Foul Ball, location: 2F
1-1: Foul Ball, location: 2F
1-2: Strikes out swinging
Bottom of the 3rd over - 0 runs, 1 hit, 0 errors, 1 left on base; Charleston 0 - Bowling Green 4
TOP OF THE 4TH
Charleston RiverDogs batting - Pitching for Bowling Green Hot Rods : LHP Melvin Millan
Batting: LHB Justin O'Neal 0-0: Called Strike
0-1: Fly out, F9 (Flyball, 9, EV 82.5 MPH)
Batting: RHB Bill Nguyen-Tan 0-0: Foul Ball, location: 2F
0-1: Foul Ball, location: 2F
0-2: Foul Ball, location: 2F
0-2: Strikes out swinging
Batting: SHB Corey Penson 0-0: Ground out 6-3 (Groundball, 56, EV 98.1 MPH)
Top of the 4th over - 0 runs, 0 hits, 0 errors, 0 left on base; Charleston 0 - Bowling Green 4
BOTTOM OF THE 4TH
Bowling Green Hot Rods batting - Pitching for Charleston RiverDogs : LHP Colin Scott
Batting: RHB Jim Erdody 0-0: Ball
1-0: Called Strike
1-1: Foul Ball, location: 2F
1-2: Ball
2-2: Ground out U3 (Groundball, 23, EV 80.0 MPH)
Batting: LHB Sean Banks 0-0: Ball
1-0: Called Strike
1-1: Ball
2-1: SINGLE (Groundball, 6S, EV 68.8 MPH) (infield hit)
Batting: RHB Eric Waugaman 0-0: Called Strike
0-1: Ball
1-1: Swinging Strike
1-2: Strikes out swinging
Batting: RHB Isaiah Easter 0-0: Ball
1-0: Called Strike
1-1: Called Strike
Sean Banks is caught stealing 2nd base 2-4
Bottom of the 4th over - 0 runs, 1 hit, 0 errors, 0 left on base; Charleston 0 - Bowling Green 4
TOP OF THE 5TH
Charleston RiverDogs batting - Pitching for Bowling Green Hot Rods : LHP Melvin Millan
Batting: RHB Mike Zern 0-0: Ball
1-0: Ball
2-0: Ground out 5-3 (Groundball, 5, EV 100.6 MPH)
Batting: LHB Steve LeGrand 0-0: Called Strike
0-1: Swinging Strike
0-2: Ball
1-2: Strikes out looking
Batting: RHB Jonathan Iniguez 0-0: Ball
1-0: Ball
2-0: Fly out, F6 (Popup, P, EV 77.5 MPH)
Top of the 5th over - 0 runs, 0 hits, 0 errors, 0 left on base; Charleston 0 - Bowling Green 4
BOTTOM OF THE 5TH
Bowling Green Hot Rods batting - Pitching for Charleston RiverDogs : LHP Colin Scott
Batting: RHB Isaiah Easter 0-0: Called Strike
0-1: Ball
1-1: Ball
2-1: Foul Ball, location: 2F
2-2: Ball
3-2: Base on Balls
Batting: RHB Kunizo Yanagisawa 0-0: Swinging Strike
0-1: SINGLE (Groundball, 56D, EV 101.9 MPH)
Isaiah Easter to second
Batting: SHB Wayne Hattan 0-0: Fielders Choice at 2nd, 1-6 (Groundball, 13, EV 64.4 MPH)
Isaiah Easter to third
Batting: RHB Adam Turpin 0-0: Ball
1-0: Swinging Strike
1-1: Ball
2-1: Ball
3-1: SINGLE (Groundball, 25, EV 71.2 MPH) (infield hit)
Wayne Hattan to second
Batting: RHB Jason Penfield 0-0: Ball
1-0: Swinging Strike
1-1: Swinging Strike
1-2: Foul Ball, location: 2F
1-2: Ball
2-2: Strikes out swinging
Batting: RHB Alex Zamora 0-0: Ball
1-0: Foul Ball, location: 2F
1-1: Foul Ball, location: 2F
1-2: Fly out, F9 (Line Drive, 9, EV 94.4 MPH)
Bottom of the 5th over - 0 runs, 2 hits, 0 errors, 3 left on base; Charleston 0 - Bowling Green 4
TOP OF THE 6TH
Charleston RiverDogs batting - Pitching for Bowling Green Hot Rods : LHP Melvin Millan
Batting: LHB Dale Anderson 0-0: Called Strike
0-1: Ball
1-1: Fly out, F8 (Flyball, 8RS, EV 91.2 MPH)
Batting: RHB Nate Singleton 0-0: Called Strike
0-1: Ball
1-1: Ball
2-1: Fly out, F8 (Flyball, 8RD, EV 80.6 MPH)
Batting: RHB Louwe Starmans 0-0: Ball
1-0: Ball
2-0: Foul Ball, location: 2F
2-1: Swinging Strike
2-2: Foul Ball, location: 2F
2-2: Strikes out swinging
Top of the 6th over - 0 runs, 0 hits, 0 errors, 0 left on base; Charleston 0 - Bowling Green 4
BOTTOM OF THE 6TH
Bowling Green Hot Rods batting - Pitching for Charleston RiverDogs : LHP Colin Scott
Pitching: LHP Ferrie Werkhoven
Batting: RHB Jim Erdody 0-0: Foul Ball, location: 2F
0-1: Swinging Strike
0-2: Strikes out swinging
Batting: LHB Sean Banks 0-0: Called Strike
0-1: Ball
1-1: DOUBLE (Groundball, 3L, EV 111.2 MPH)
Batting: RHB Eric Waugaman 0-0: Called Strike
0-1: Ball
1-1: Ball
2-1: Swinging Strike
2-2: Fly out, F4 (Popup, 34D, EV 61.2 MPH)
Batting: RHB Isaiah Easter 0-0: Ball
1-0: Foul Ball, location: 2F
1-1: Swinging Strike
1-2: Foul Ball, location: 2F
1-2: Strikes out swinging
Bottom of the 6th over - 0 runs, 1 hit, 0 errors, 1 left on base; Charleston 0 - Bowling Green 4
TOP OF THE 7TH
Charleston RiverDogs batting - Pitching for Bowling Green Hot Rods : LHP Melvin Millan
Batting: LHB Justin O'Neal 0-0: Called Strike
0-1: Ball
1-1: Ball
2-1: Foul Ball, location: 2F
2-2: Fly out, F7 (Flyball, 7S, EV 85.6 MPH)
Batting: RHB Bill Nguyen-Tan 0-0: Called Strike
0-1: Ball
1-1: Ball
2-1: Ground out 4-3 (Groundball, 4, EV 106.9 MPH)
Batting: SHB Corey Penson 0-0: Ground out 5-3 (Groundball, 56S, EV 83.8 MPH)
Top of the 7th over - 0 runs, 0 hits, 0 errors, 0 left on base; Charleston 0 - Bowling Green 4
BOTTOM OF THE 7TH
Bowling Green Hot Rods batting - Pitching for Charleston RiverDogs : LHP Ferrie Werkhoven
Batting: RHB Kunizo Yanagisawa 0-0: Called Strike
0-1: SOLO HOME RUN (Flyball, 78XD, EV 108.1 MPH), Distance : 434 ft
Batting: SHB Wayne Hattan 0-0: Foul Ball, location: 2F
0-1: Ball
1-1: Called Strike
1-2: Ball
2-2: Ball
3-2: Foul Ball, location: 2F
3-2: Base on Balls
Batting: RHB Adam Turpin 0-0: Ball
1-0: Ball
2-0: Ball
3-0: Base on Balls
Wayne Hattan to second
Batting: RHB Jason Penfield 0-0: Called Strike
0-1: Ball
1-1: Fly out, F7 (Flyball, 7, EV 95.6 MPH)
Batting: RHB Alex Zamora 0-0: Ball
1-0: Foul Ball, location: 2F
1-1: Called Strike
1-2: Ball
2-2: Ball
3-2: Strikes out swinging
Pitching: RHP Bobby McDonnell
Batting: RHB Jim Erdody 0-0: Foul Ball, location: 2F
0-1: Ball
1-1: Foul Ball, location: 2F
1-2: Ball
2-2: DOUBLE (Flyball, 78D, EV 105.6 MPH)
Wayne Hattan scores
Adam Turpin to third
Batting: LHB Sean Banks 0-0: Ball
1-0: Foul Ball, location: 2F
1-1: Called Strike
1-2: Strikes out swinging
Bottom of the 7th over - 2 runs, 2 hits, 0 errors, 2 left on base; Charleston 0 - Bowling Green 6
TOP OF THE 8TH
Charleston RiverDogs batting - Pitching for Bowling Green Hot Rods : LHP Melvin Millan
Batting: RHB Mike Zern 0-0: Called Strike
0-1: Ball
1-1: Ball
2-1: Called Strike
2-2: Foul Ball, location: 2F
2-2: Foul Ball, location: 2F
2-2: Ground out 5-3 (Groundball, 5L, EV 88.1 MPH)
Batting: LHB Steve LeGrand 0-0: Ball
1-0: Swinging Strike
1-1: Foul Ball, location: 2F
1-2: DOUBLE (Groundball, 5L, EV 105.0 MPH)
Batting: RHB Jonathan Iniguez 0-0: Ball
1-0: Called Strike
1-1: Ball
2-1: Called Strike
2-2: Ball
3-2: Foul Ball, location: 2F
3-2: Foul Ball, location: 2F
3-2: Ground out 3-1 (Groundball, 34, EV 86.2 MPH)
Steve LeGrand to third
Batting: LHB Dale Anderson 0-0: Fly out, F8 (Line Drive, 8LD, EV 102.5 MPH)
Top of the 8th over - 0 runs, 1 hit, 0 errors, 1 left on base; Charleston 0 - Bowling Green 6
BOTTOM OF THE 8TH
Bowling Green Hot Rods batting - Pitching for Charleston RiverDogs : RHP Bobby McDonnell
Batting: RHB Eric Waugaman 0-0: Ground out 6-3 (Groundball, 56D, EV 85.0 MPH)
Batting: RHB Isaiah Easter 0-0: Ball
1-0: Foul Ball, location: 2F
1-1: Called Strike
1-2: Strikes out swinging, 2-3 out at first.
Batting: RHB Kunizo Yanagisawa 0-0: Foul Ball, location: 2F
0-1: SINGLE (Groundball, 56D, EV 103.8 MPH)
Batting: SHB Wayne Hattan 0-0: Called Strike
Kunizo Yanagisawa is caught stealing 2nd base 2-6
Bottom of the 8th over - 0 runs, 1 hit, 0 errors, 0 left on base; Charleston 0 - Bowling Green 6
TOP OF THE 9TH
Charleston RiverDogs batting - Pitching for Bowling Green Hot Rods : LHP Melvin Millan
Batting: RHB Nate Singleton 0-0: Called Strike
0-1: Fly out, F3 (Popup, 3F, EV 68.8 MPH)
Pitching: RHP Kingo Tsutsumi
Pinch Hitting: LHB Ernesto Abreu 0-0: Ball
1-0: Swinging Strike
1-1: Ball
2-1: Ball
3-1: Fly out, F7 (Flyball, 78M, EV 82.5 MPH)
Batting: LHB Justin O'Neal 0-0: Foul Ball, location: 2F
0-1: Ball
1-1: SOLO HOME RUN (Flyball, 7D, EV 93.1 MPH), Distance : 359 ft
Batting: RHB Bill Nguyen-Tan 0-0: Called Strike
0-1: Ball
1-1: Ball
2-1: Called Strike
2-2: Foul Ball, location: 2F
2-2: Ball
3-2: Strikes out swinging
Top of the 9th over - 1 run, 1 hit, 0 errors, 0 left on base; Charleston 1 - Bowling Green 6
Tuesday, March 28th , 2023 - OOTP Baseball 23.10 Build 110